Map: Corrosion EC

Players

HateMe

  • Race: Zerg Zerg
  • Spawn Location: 11:00

ShaDoWn - Winner!

  • Race: Protoss Protoss
  • Spawn Location: 5:00

Event: WCS Valencia 2018

VOD

Have the link to the VOD?

Description

Time

  • Played on: July 12, 2018, 9:40 a.m.
  • Length: 9:06

All games in this series

Show
View Real Time Build Order
Export as new Build Order

HateMe Zerg 

Build Orders: Hatch First 

Get SALT Encoding   

  12  0:01  Drone  
  13  0:12  Overlord  
  13  0:17  Drone  
  14  0:31  Drone x2  
  16  0:48  Hatchery  
  15  0:53  Drone  
  15  0:55  Drone  
  17  0:59  Drone  
  17  1:03  Extractor  
  17  1:15  Spawning Pool  
  16  1:19  Drone  
  16  1:21  Drone  
  18  1:31  Drone  
  19  1:41  Overlord  
  19  1:49  Drone  
  20  2:02  Zergling x4  
  20  2:03  Queen x2  
  20  2:07  Metabolic Boost  
  26  2:11  Drone  
  26  2:14  Drone  
  28  2:23  Drone  
  28  2:24  Drone  
  30  2:36  Hatchery  
  29  2:39  Drone  
  30  2:46  Queen  
  30  2:50  Overlord  
  32  2:53  Drone  
  32  2:55  Drone  
  35  2:58  Drone  
  35  3:03  Drone  
  36  3:09  Overlord  
  36  3:10  Drone  
  36  3:11  Drone  
  38  3:13  Drone  
  38  3:14  Drone  
  38  3:16  Drone  
  38  3:17  Drone  
  42  3:23  Queen  
  44  3:27  Overlord  
  44  3:30  Drone  
  45  3:35  Lair  
  45  3:45  Spore Crawler  
  45  3:46  Drone  
  45  3:47  Overlord  
  45  3:48  Drone x3  
  48  3:50  Drone  
  48  3:55  Queen  
  49  3:57  Drone  
  49  3:59  Drone  
  49  4:01  Drone  
  54  4:04  Spore Crawler  
  54  4:06  Spore Crawler  
  54  4:09  Drone  
  53  4:12  Drone  
  53  4:13  Evolution Chamber, Drone  
  54  4:24  Extractor, Drone  
  55  4:25  Extractor, Roach Warren  
  55  4:30  Zergling x10  
  57  4:35  Drone x2  
  59  4:43  Overlord  
  59  4:44  Drone x2  
  61  4:52  Drone x6  
  64  4:58  Overseer  
  64  5:04  Overlord x2  
  64  5:05  Glial Reconstitution  
  64  5:07  Zerg Missile Weapons Level 1  
  64  5:19  Roach x5  
  74  5:21  Overlord x2  
  74  5:24  Roach  
  74  5:27  Roach x2  
  79  5:35  Roach x3  
  83  5:36  Roach  
  83  5:42  Roach x2  
  89  5:46  Roach x2  
  93  5:50  Overlord  
  93  5:52  Roach x2  
  97  5:59  Overlord  
  97  6:02  Roach x2  
  97  6:03  Drone x4  
  104  6:04  Drone  
  104  6:09  Overseer  
  105  6:12  Drone  
  105  6:16  Drone x7  
  105  6:17  Drone  
  114  6:24  Drone  
  114  6:25  Drone  
  113  6:30  Drone  
  112  6:33  Drone x3  
  112  6:36  Hydralisk Den  
  112  6:37  Extractor  
  112  6:38  Extractor x2  
  111  6:45  Overlord  
  111  6:47  Drone x4  
  111  6:52  Hatchery  
  114  6:54  Drone  
  114  6:55  Evolution Chamber  
  114  6:56  Drone x4  
  114  6:58  Overlord  
  118  7:08  Drone x2  
  118  7:11  Grooved Spines  
  118  7:12  Lurker Den  
  117  7:26  Roach x2  
  117  7:27  Roach x7  
  136  7:30  Overlord  
  136  7:31  Overlord  
  136  7:32  Roach  
  136  7:35  Extractor  
  136  7:39  Spine Crawler  
  136  7:40  Extractor  
  134  7:44  Overlord x3  
  134  7:46  Roach  
  118  8:02  Lurker Den  
  115  8:06  Drone x5  
  115  8:11  Drone x7  
  127  8:17  Drone x7  
  127  8:18  Drone  
  135  8:27  Overlord, Hydralisk x2  
  135  8:29  Hydralisk x2  
  135  8:30  Hydralisk x2  
  135  8:33  Hydralisk  
  149  8:36  Hydralisk x2  
  153  8:56  Hatchery  
Show
View Real Time Build Order
Export as new Build Order

ShaDoWn Protoss - Winner!

Build Orders: 1 Gate Expand, Oracle Opening, Phoenix Opening, Archon Immortal, Zealot Archon, Archon Drop 

Get SALT Encoding   

  12  0:00  Probe  
  13  0:12  Probe  
  14  0:20  Pylon  
  14  0:25  Probe  
  15  0:35  Probe  
  15  0:38  Gateway  
  16  0:43  Probe  
  16  0:49  Assimilator  
  17  0:52  Probe  
  18  1:04  Probe  
  19  1:16  Probe  
  20  1:24  Nexus  
  20  1:35  Cybernetics Core  
  20  1:36  Probe  
  21  1:41  Assimilator  
  21  1:48  Probe  
  21  1:51  Pylon  
  22  2:00  Probe  
  23  2:02  Adept  
  23  2:12  Probe  
  26  2:20  Stargate  
  26  2:25  Probe  
  26  2:28  Adept  
  29  2:33  Probe  
  29  2:34  Warp Gate, Probe  
  30  2:41  Probe  
  30  2:42  Probe  
  31  2:51  Probe  
  33  2:52  Probe  
  33  2:56  Phoenix  
  35  3:03  Probe  
  35  3:04  Probe  
  39  3:09  Pylon  
  39  3:14  Gateway  
  39  3:15  Probe  
  39  3:16  Probe  
  41  3:21  Oracle  
  44  3:27  Probe  
  44  3:29  Probe  
  44  3:30  Assimilator  
  44  3:31  Assimilator  
  46  3:36  Probe  
  46  3:41  Probe  
  48  3:42  Twilight Council  
  48  3:44  Probe  
  49  3:53  Probe x2  
  50  3:57  Pylon  
  50  3:58  Robotics Facility  
  51  4:05  Probe x2  
  53  4:18  Charge  
  53  4:20  Gateway x2  
  53  4:24  Gateway  
  53  4:26  Gateway  
  53  4:33  Templar Archives  
  53  4:39  Warp Prism  
  53  4:43  Pylon  
  55  4:54  Zealot x2  
  55  4:56  Pylon  
  59  5:03  Probe  
  60  5:14  Pylon  
  60  5:15  Zealot x2  
  60  5:16  Zealot x2  
  60  5:20  Zealot x2  
  72  5:28  Pylon  
  72  5:33  Nexus  
  70  5:40  High Templar x5  
  70  5:43  Zealot x2, High Templar  
  70  5:44  High Templar x3  
  70  5:47  Pylon  
  82  5:50  Archon  
  82  5:51  Archon  
  82  5:55  Pylon  
  82  5:56  Probe x2  
  84  6:03  Immortal  
  84  6:08  Probe  
  84  6:11  Probe  
  86  6:20  Probe  
  86  6:22  Zealot x2  
  86  6:23  Zealot, Probe  
  92  6:27  Robotics Facility  
  90  6:32  Probe  
  90  6:34  Immortal  
  90  6:35  Probe  
  92  6:41  Sentry x2  
  92  6:45  Probe  
  99  6:54  High Templar x2  
  99  6:55  Zealot x2  
  107  7:03  Immortal  
  107  7:05  Zealot  
  109  7:09  Archon  
  109  7:11  Psionic Storm, Probe x3  
  116  7:16  Pylon  
  116  7:23  Probe  
  116  7:26  Pylon  
  117  7:34  Immortal, Probe x2  
  117  7:35  Probe  
  122  7:41  Assimilator  
  122  7:42  Immortal, Assimilator, Pylon x2  
  122  7:46  Probe x2  
  129  7:58  Probe  
  129  8:01  Probe  
  129  8:02  Probe  
  129  8:04  High Templar x3  
  135  8:06  Zealot x2  
  135  8:07  Observer  
  135  8:10  Probe  
  135  8:12  Pylon  
  140  8:13  Pylon, Probe  
  140  8:15  Immortal  
  142  8:26  Pylon  
  146  8:27  Pylon  
  150  8:42  Nexus  
  150  8:51  Zealot x6  
  146  9:02  Archon  
Tags
 
Add a new tag
Caveats
  • Supply blocks, unpowered buildings, or Contaminate may cause inaccurate times.
  • Supply counts are checked every 10 seconds.